 Dungeon Crawl Stone Soup version 0.27.0-1-g7a089689b8 (webtiles) character file.

Game seed: 3493511024117594995

2982 gimp the Thaumaturge (level 9, -2/47 HPs)
             Began as a Deep Elf Brigand on Aug 8, 2021.
             Was a Follower of Vehumet.
             Slain by a two-headed ogre (22 damage)
             ... on level 9 of the Dungeon.
             The game lasted 00:19:24 (9790 turns).

gimp the Thaumaturge (Deep Elf Brigand)             Turns: 9790, Time: 00:19:24

Health: -2/47      AC:  6    Str:  8    XL:     9   Next: 53%
Magic:  22/24      EV: 12    Int: 20    God:    Vehumet [*.....]
Gold:   396        SH:  7    Dex: 28    Spells: 26/27 levels left

rFire    + . .     SeeInvis .   a - +2 dagger
rCold    + . .     Faith    .   B - +0 buckler
rNeg     . . .     Spirit   .   n - +1 robe {rC+ rF+}
rPois    .         Reflect  .   (no helmet)
rElec    .         Harm     .   c - +0 cloak
rCorr    .         Rampage  .   (no gloves)
Will     .....                  r - +1 pair of boots
Stlth    ++++......             (no amulet)
HPRegen  0.15/turn              p - +6 ring of dexterity
MPRegen  0.19/turn              y - +6 ring of dexterity

@: no status effects
A: no striking features
a: Renounce Religion


You were on level 9 of the Dungeon.
You worshipped Vehumet.
Vehumet was aware of your devotion.
You visited 2 branches of the dungeon, and saw 10 of its levels.

You collected 396 gold pieces.

Inventory:

Hand Weapons
 a - a +2 dagger (weapon)
 b - the +10 dagger "Saiv" {venom, rPois rC+ Will- Str+4}
   (You found it on level 7 of the Dungeon)

   It poisons the flesh of those it strikes.
   Str:       It affects your strength (+4).
   rC:        It protects you from cold.
   rPois:     It protects you from poison.
   Will:      It decreases your willpower.
Missiles
 d - 19 poisoned darts
 e - 2 curare-tipped darts
Armour
 c - a +0 cloak (worn)
 n - a +1 robe of resistance (worn)
 r - a +1 pair of boots (worn)
 z - a +0 robe of willpower
 B - a +0 buckler (worn)
Magical Staves
 g - a staff of poison
Jewellery
 o - a +6 ring of strength
 p - a +6 ring of dexterity (left hand)
 y - a +6 ring of dexterity (right hand)
 C - a ring of willpower
Wands
 E - a wand of iceblast (17)
Scrolls
 h - 3 scrolls of fear
 u - 2 scrolls of enchant armour
Potions
 f - 2 potions of berserk rage {unknown}
 i - a potion of might
 l - a potion of ambrosia
 q - 3 potions of curing
 t - 2 potions of heal wounds
 v - 2 potions of haste {unknown}
 x - a potion of magic
 A - a potion of brilliance


   Skills:
 - Level 1.5 Fighting
 - Level 4.0 Short Blades
 - Level 6.0 Throwing
 - Level 1.2 Dodging
 - Level 4.8 Stealth
 + Level 3.6 Shields
 * Level 9.9 Spellcasting
 + Level 6.4 Conjurations
 - Level 4.0 Fire Magic


You had 26 spell levels left.
You knew the following spells:

 Your Spells              Type           Power      Damage    Failure   Level
a - Foxfire               Conj/Fire      100%       2x1d9     1%          1

Your spell library contained the following spells:

 Spells                   Type           Power      Damage    Failure   Level
 Freeze                   Ice            36%        1d6       8%          1
 Conjure Flame            Conj/Fire      30%        6-21      2%          3
 Sandblast                Erth           18%        2d7       8%          1
 Sting                    Tmut/Pois      36%        1d4       8%          1
 Inner Flame              Hex/Fire       17%        N/A       10%         3
 Corpse Rot               Necr/Air       N/A        N/A       11%         2
 Passwall                 Tmut/Erth      7%         N/A       11%         2
 Poisonous Vapours        Pois/Air       18%        N/A       11%         2
 Gell's Gravitas          Tloc           4%         N/A       22%         3
 Lesser Beckoning         Tloc           4%         N/A       22%         3
 Ozocubu's Armour         Ice            9%         N/A       22%         3
 Teleport Other           Tloc           9%         N/A       22%         3
 Dispel Undead            Necr           9%         3d8       58%         4
 Olgreb's Toxic Radiance  Pois           9%         N/A       58%         4
 Lee's Rapid Deconstruct  Erth           4%         3d6*      90%         5
 Conjure Ball Lightning   Conj/Air       11%        3x3d6     96%         6
 Death Channel            Necr           4%         N/A       100%        6
 Ozocubu's Refrigeration  Ice            4%         4d5       100%        7
 Discord                  Hex            4%         N/A       100%        8
 Disjunction              Tloc           4%         N/A       100%        8


Dungeon Overview and Level Annotations

Branches:
Dungeon (9/15)             Temple (1/1) D:4            Lair (0/6) D:8
    Orc: D:9-12

Altars:
Cheibriados
Dithmenos
Elyvilon
Fedhas
Hepliaklqana
Kikubaaqudgha
Makhleb
Okawaru
Qazlal
Sif Muna
Trog
Uskayaw
Vehumet
Wu Jian
Xom
Zin

Shops:
D:3 [   D:4 (

Annotations:
D:4 exclusion: door
D:5 1 runed translucent door, Crazy Yiuf
D:7 3 runed translucent doors, sasquatch's ghost, novice DrCj


Message History

There is a stone staircase leading up here.
You conjure some foxfire!
You now have 23/24 mp.
You conjure some foxfire!
The foxfire hits the two-headed ogre.
The two-headed ogre is lightly wounded.
The foxfire hits the two-headed ogre.
The two-headed ogre is lightly wounded.
You now have 22/24 mp.
You conjure some foxfire!
You now have 21/24 mp.
Okay, then.
Your foxfire dissipates!
The foxfire hits the two-headed ogre.
The two-headed ogre is lightly wounded.
The foxfire hits the two-headed ogre.
The two-headed ogre is lightly wounded.
The foxfire hits the two-headed ogre!
The two-headed ogre is moderately wounded.
Aiming: Iceblast
Press: ? - help, Shift-Dir - straight line, f - two-headed ogre
Aim: a two-headed ogre, wielding a +0 great mace and a +0 giant club (moderately wounded)
The mass of ice explodes!
The iceblast engulfs the two-headed ogre!
The two-headed ogre is heavily wounded.
Aiming: Iceblast
Press: ? - help, Shift-Dir - straight line, p - two-headed ogre The mass of ice explodes!
The iceblast engulfs the two-headed ogre!
The two-headed ogre is severely wounded.
The two-headed ogre hits you with a +0 great mace!
The two-headed ogre hits you with a +0 giant club!
You take 27 damage, and have 20/47 hp.
MASSIVE DAMAGE!!
Aiming: Iceblast
Press: ? - help, Shift-Dir - straight line The mass of ice explodes!
The iceblast engulfs the two-headed ogre!
The two-headed ogre is severely wounded.
You block the two-headed ogre's attack.
The two-headed ogre hits you with a +0 giant club!!
You die...

# .# ###.#
##...#
##..####...
+@O<.......
#####..#...
.# #


You could see a two-headed ogre.

Vanquished Creatures
  A deep elf pyromancer (D:7)
  A troll (D:7)
  2 steam dragons (D:8)
  A water moccasin (D:7)
  An ice beast (D:6)
  A sky beast (D:6)
  3 black bears
  An ogre (D:4)
  2 centaurs (D:7)
  2 bullfrogs
  2 scorpions
  A wyvern zombie (D:8)
  A wyvern skeleton (D:7)
  3 wights (D:7)
  A bullfrog zombie (D:5)
  2 centaur zombies (D:5)
  A jelly (D:8)
  3 hounds (D:5)
  2 orc priests
  A centaur skeleton (D:6)
  4 iguanas
  3 orc wizards (D:8)
  A killer bee zombie (D:6)
  A mummy (D:7)
  A hound skeleton (D:5)
  A howler monkey zombie (D:6)
  4 gnolls (D:7)
  6 adders
  A shadow imp (D:5)
  A white imp (D:7)
  An adder zombie (D:5)
  4 worms
  2 dart slugs
  18 orcs
  2 bats
  7 endoplasms
  4 giant cockroaches
  9 goblins
  5 hobgoblins
  5 jackals
  2 quokkas
  5 ball pythons
  3 frilled lizards
  6 kobolds
  4 rats
  A toadstool (D:1)
133 creatures vanquished.

Vanquished Creatures (collateral kills)
  An orc priest (D:5)
  2 orc wizards (D:5)
  An orc (D:5)
4 creatures vanquished.

Vanquished Creatures (others)
  437 foxfires
  3 toadstools (D:1)
440 creatures vanquished.

Grand Total: 577 creatures vanquished

Notes
Turn   | Place    | Note
-------+----------+-------------------------------------------
     0 | D:1      | gimp the Deep Elf Brigand began the quest for the Orb.
     0 | D:1      | Reached XP level 1. HP: 12/12 MP: 3/3
   154 | D:1      | Found a faded altar of an unknown god.
   320 | D:1      | Reached XP level 2. HP: 7/16 MP: 4/4
  1199 | D:2      | Reached XP level 3. HP: 19/20 MP: 5/5
  2272 | D:3      | Learned a level 1 spell: Foxfire
  2435 | D:3      | Reached XP level 4. HP: 22/25 MP: 6/6
  2558 | D:3      | Found Haafiar's Armour Shoppe.
  2736 | D:3      | Reached skill level 1 in Spellcasting
  2828 | D:3      | Reached skill level 1 in Conjurations
  3064 | D:4      | Noticed a black bear
  3074 | D:4      | Killed a black bear
  3075 | D:4      | Reached skill level 2 in Spellcasting
  3075 | D:4      | Reached XP level 5. HP: 29/29 MP: 7/10
  3111 | D:4      | Found Suthruoc's Antique Weapon Boutique.
  3497 | D:4      | Found a shimmering blue altar of Sif Muna.
  3538 | D:4      | Found a shadowy altar of Dithmenos.
  3758 | D:4      | Found a staircase to the Ecumenical Temple.
  3857 | Temple   | Entered the Ecumenical Temple
  4044 | D:4      | Reached skill level 3 in Spellcasting
  4226 | D:4      | Noticed an ogre
  4248 | D:4      | Killed an ogre
  4249 | D:4      | Reached XP level 6. HP: 34/34 MP: 11/13
  4446 | D:5      | Entered Level 5 of the Dungeon
  4528 | D:5      | Reached skill level 4 in Spellcasting
  4676 | D:5      | Reached skill level 1 in Fire Magic
  4684 | D:5      | Found a runed translucent door.
  4685 | D:5      | Noticed Crazy Yiuf
  4847 | D:5      | Reached XP level 7. HP: 18/38 MP: 12/15
  5032 | D:5      | Found a radiant altar of Vehumet.
  5043 | D:5      | Became a worshipper of Vehumet
  5167 | D:5      | Found a burning altar of Makhleb.
  5209 | D:5      | Identified the +1 robe of Gluttony {Slay+6}
  5879 | D:6      | Reached skill level 5 in Spellcasting
  6326 | D:6      | Reached skill level 1 in Shields
  6330 | D:6      | Reached skill level 6 in Spellcasting
  6330 | D:6      | Reached XP level 8. HP: 39/43 MP: 8/19
  7178 | D:7      | Noticed a deep elf pyromancer
  7185 | D:7      | Reached skill level 5 in Throwing
  7209 | D:7      | Killed a deep elf pyromancer
  7210 | D:7      | Reached skill level 8 in Spellcasting
  7210 | D:7      | Reached skill level 5 in Conjurations
  7293 | D:7      | Found a snail-covered altar of Cheibriados.
  7329 | D:7      | Found a runed translucent gate.
  7339 | D:7      | Noticed a deep elf pyromancer
  7340 | D:7      | Found a runed translucent gate.
  7351 | D:7      | Reached * piety under Vehumet
  7351 | D:7      | Offered knowledge of Freeze by Vehumet.
  7555 | D:7      | Noticed a troll
  7624 | D:7      | Killed a troll
  7625 | D:7      | Reached XP level 9. HP: 47/47 MP: 19/23
  7967 | D:7      | Found a runed translucent gate.
  7968 | D:7      | Noticed sasquatch's ghost (novice DrCj)
  8041 | D:7      | Identified the +10 dagger "Saiv" {venom, rPois rC+ Will-
                  | Str+4}
  8380 | D:7      | Reached skill level 9 in Spellcasting
  9048 | D:8      | Noticed a death yak
  9049 | D:8      | Noticed a death yak
  9057 | D:8      | Noticed a death yak
  9313 | D:8      | Found a staircase to the Lair.
  9657 | D:9      | Noticed a two-headed ogre
  9677 | D:8      | Found a stormy altar of Qazlal.
  9679 | D:8      | Found a glowing silver altar of Zin.
  9790 | D:9      | Slain by a two-headed ogre

Illustrated notes

Levels and vault maps discovered:
D:1:      ldierk_water_garden, layout_loops_ring, basic_ecumenical_altar,
          serial_park_tiny_pond, minmay_door_square, eino_curves_03,
          fountainhead, st_stairs_6, hex_medium, minmay_shallow_snake_nest
D:2:      layout_basic
D:3:      layout_loops_cross, serial_shops, nicolae_shop_crystal
D:4:      layout_gridville, led_sif_book, grunt_dithmenos_smoke_and_mirrors,
          minmay_temple_entry_purple_smoke, serial_shops, kennysheep_mini_moat
D:5:      layout_gridville, fiery_altar_vehumet, bloody_makhleb,
          minmay_hedge_maze, uniq_crazy_yiuf_cottage
D:6:      layout_rooms, st_stairs_4
D:7:      layout_basic, slow_altar_1, gammafunk_ghost_split,
          serial_co_window_serial, co_window_paths_a, co_window_paths_b,
          co_window_corner_a, co_window_corner_a, co_window_paths_a,
          co_window_corner_a, co_window_paths_a, co_window_corner_ca,
          co_window_of_opportunity_b, co_window_corner_b, co_window_broadway_a,
          co_window_unsneaky_path_a, co_window_of_opportunity_c,
          co_window_corner_ca, co_window_4corner_a, glass_columns_a,
          glass_columns_a, glass_columns_a
D:8:      layout_basic, grunt_temple_overflow_opulence,
          lemuel_coloured_pillars_altar, nicolae_overflow_hidden_temple,
          dpeg_lair_monsters
D:9:      layout_roguey, yredelemnul_forgotten_temple_becter,
          nicolae_ru_sacrificial_ziggurat
Temple:   kb_temple_of_zot

Skill      XL: |  1  2  3  4  5  6  7  8  9 |
---------------+----------------------------+-----
Short Blades   | 3 4 |  4.0
Throwing       | 3 4 5 6 |  6.0
Spellcasting   | 2 3 4 6 8 9 |  9.9
Conjurations   | 2 3 4 5 6 |  6.4
Fire Magic     | 1 3 4 |  4.0
Shields        | 1 2 3 |  3.6
Fighting       | |  1.5
Dodging        | |  1.2
Stealth        | |  4.8

Action                   |  1- 3 |  4- 6 |  7- 9 || total
-------------------------+-------+-------+-------++-------
Melee: Dagger            |    90 |   148 |    28 ||   266
Throw: Dart              |    22 |    17 |     2 ||    41
 Cast: Foxfire           |       |    10 |   231 ||   241
Evoke: Wand              |       |       |     3 ||     3
  Use: Potion            |     2 |       |       ||     2
       Scroll            |       |     4 |    12 ||    16
 Stab: Sleeping          |    10 |     6 |     1 ||    17
Armor: Robe              |    13 |    18 |    46 ||    77
       Leather armour    |       |    35 |       ||    35
Dodge: Dodged            |    44 |    72 |    69 ||   185
Block: Buckler           |       |       |     1 ||     1
